Map: Ever Dream LE

Players

IamLegend

  • Race: Terran Terran
  • League: Gold
  • Spawn Location: 1:00

Kazaimer - Winner!

  • Race: Zerg Zerg
  • Spawn Location: 7:00

VOD

Have the link to the VOD?

Description

Time

  • Played on: Aug. 21, 2020, 4:24 p.m.
  • Length: 15:37
Show
View Real Time Build Order
Export as new Build Order

IamLegend Terran 

Build Orders:  

Get SALT Encoding   

  12  0:00  SCV  
  13  0:12  SCV  
  14  0:17  Supply Depot  
  14  0:25  SCV  
  15  0:38  SCV  
  15  0:42  Barracks  
  16  0:50  SCV, Refinery  
  17  1:03  SCV  
  18  1:15  SCV  
  19  1:27  SCV  
  19  1:32  Supply Depot, Marine  
  21  1:40  Command Center  
  21  2:02  Orbital Command  
  21  2:14  Bunker  
  21  2:20  Marine  
  22  2:27  Factory  
  22  2:30  SCV  
  23  2:49  Supply Depot  
  23  2:50  SCV  
  24  2:53  Refinery  
  24  3:03  Barracks Reactor  
  26  3:08  Orbital Command  
  23  3:17  SCV  
  23  3:18  Factory Tech Lab  
  24  3:26  Barracks  
  24  3:38  Starport  
  24  3:41  Marine  
  24  3:42  Marine  
  24  3:43  Siege Tank  
  29  3:50  Engineering Bay, SCV  
  25  4:29  Siege Tank  
  25  4:30  Marine x2  
  30  4:32  Barracks Reactor  
  30  4:36  Barracks  
  28  5:01  Orbital Command  
  27  5:13  Bunker, Marine x4  
  31  5:21  Medivac  
  32  5:29  Marine  
  33  5:36  SCV  
  34  5:48  SCV x2  
  36  5:54  Starport Reactor  
  36  5:55  Viking  
  38  6:00  SCV  
  38  6:02  Engineering Bay  
  39  6:07  SCV  
  40  6:20  SCV  
  40  6:21  SCV  
  40  6:23  Widow Mine  
  44  6:32  SCV  
  45  6:40  Engineering Bay  
  45  6:44  SCV  
  45  6:45  Widow Mine  
  48  6:52  Marine x3  
  48  6:53  Marine  
  53  6:56  SCV  
  53  6:58  SCV  
  55  7:05  Barracks Tech Lab  
  54  7:08  SCV  
  54  7:10  Marine x3  
  54  7:12  Marine  
  59  7:17  Terran Infantry Weapons Level 1  
  59  7:19  Terran Infantry Armor Level 1  
  59  7:20  SCV  
  60  7:28  Marine  
  61  7:32  SCV  
  61  7:34  Siege Tank  
  65  7:43  Marine  
  65  7:44  Marine x2, SCV  
  69  7:57  SCV  
  70  8:08  Supply Depot  
  70  8:16  Supply Depot  
  70  8:18  Supply Depot  
  70  8:19  Supply Depot  
  70  8:20  Armory  
  70  8:29  Starport Reactor  
  70  8:30  Siege Tank, SCV, Marine x2  
  76  8:42  SCV  
  76  8:47  Marine x3  
  76  8:48  Marine x2  
  80  8:50  Combat Shield  
  80  8:54  SCV  
  83  9:02  Siege Tank  
  86  9:05  Missile Turret  
  86  9:06  SCV, Marauder  
  86  9:08  Missile Turret  
  86  9:09  Missile Turret, Viking x2  
  93  9:24  Terran Infantry Weapons Level 2  
  93  9:25  Terran Infantry Armor Level 2  
  93  9:26  Marine  
  93  9:27  Marine, Marauder  
  97  9:42  Missile Turret x3  
  97  9:45  Missile Turret  
  97  9:48  SCV  
  97  9:49  Marauder  
  100  9:57  Missile Turret  
  100  9:59  Missile Turret  
  100  10:00  SCV  
  100  10:05  Marine x2  
  102  10:12  SCV  
  102  10:18  Refinery  
  98  10:25  Viking  
  98  10:26  Viking  
  102  10:30  SCV  
  103  10:39  Thor  
  103  10:41  SCV  
  110  11:04  Supply Depot, Missile Turret  
  110  11:07  Supply Depot  
  110  11:10  Missile Turret  
  110  11:23  Medivac x2, SCV  
  115  11:35  SCV  
  114  11:47  SCV  
  114  11:53  Thor  
  121  11:59  Barracks, SCV  
  122  12:11  SCV  
  123  12:32  Command Center  
  123  12:45  Refinery  
  123  12:55  Marine x2  
  123  12:56  Marine x2  
  124  13:07  Marine  
  126  13:13  Marine x3  
  126  13:14  Marine  
  130  13:22  Barracks Reactor  
  129  13:34  Supply Depot, Marine x3  
  103  13:52  Marine x3  
  78  13:57  Supply Depot  
  62  14:15  Marine x5  
  62  14:16  SCV  
  65  14:25  Siege Tank  
  65  14:28  SCV  
  69  14:37  Marine x5  
  74  14:38  Marine x2  
  59  14:54  Marine  
  59  14:55  Marine  
  59  14:57  Siege Tank  
Show
View Real Time Build Order
Export as new Build Order

Kazaimer Zerg - Winner!

Build Orders: Hatch First, Muta Ling Bane 

Get SALT Encoding   

  12  0:01  Drone  
  13  0:12  Overlord  
  13  0:16  Drone  
  14  0:31  Drone  
  14  0:32  Drone  
  16  0:40  Drone  
  17  0:52  Hatchery  
  17  0:55  Drone  
  17  1:04  Extractor  
  16  1:05  Drone  
  17  1:20  Spawning Pool  
  17  1:22  Drone  
  17  1:23  Drone  
  18  1:31  Drone  
  19  1:47  Drone  
  20  1:52  Overlord  
  19  2:07  Queen  
  19  2:08  Queen  
  23  2:11  Overlord, Drone  
  23  2:14  Drone  
  25  2:24  Metabolic Boost  
  25  2:34  Drone x3  
  25  2:35  Drone  
  29  2:49  Zergling x4  
  29  2:50  Zergling x2  
  32  3:09  Zergling x8  
  36  3:17  Zergling x2  
  36  3:18  Zergling x6  
  40  3:20  Overlord  
  40  3:21  Zergling x4  
  42  3:29  Zergling x2  
  43  3:43  Zergling x6  
  46  3:49  Baneling Nest  
  46  3:53  Extractor  
  40  4:23  Drone x8  
  43  4:42  Drone x5  
  43  4:44  Extractor  
  43  4:45  Lair  
  47  4:53  Roach Warren  
  41  5:10  Zergling x8, Hatchery  
  44  5:18  Drone x4  
  45  5:40  Drone x4  
  45  5:41  Drone x2  
  51  5:44  Extractor  
  50  5:55  Overlord x3  
  50  6:00  Hatchery  
  49  6:06  Glial Reconstitution  
  49  6:07  Centrifical Hooks  
  49  6:08  Hydralisk Den  
  48  6:22  Spire  
  47  6:28  Queen  
  47  6:30  Queen  
  51  6:34  Overseer  
  51  6:36  Roach x4  
  51  6:37  Roach  
  61  6:43  Hydralisk  
  61  6:44  Hydralisk x3  
  69  6:51  Drone  
  69  6:52  Drone x2  
  72  6:59  Hydralisk  
  72  7:00  Overlord  
  72  7:01  Overlord  
  74  7:02  Overlord  
  74  7:09  Overlord x3  
  74  7:16  Grooved Spines  
  74  7:19  Overlord x2  
  74  7:23  Hydralisk x4  
  82  7:41  Mutalisk x3  
  88  7:49  Extractor  
  87  7:52  Extractor  
  87  7:54  Drone x6  
  87  7:55  Drone x3  
  95  8:08  Mutalisk x3  
  101  8:30  Mutalisk  
  101  8:31  Mutalisk, Overlord  
  101  8:34  Mutalisk  
  107  8:44  Mutalisk  
  107  8:46  Zergling x12  
  115  8:57  Mutalisk x2  
  119  9:14  Corruptor x2  
  119  9:15  Corruptor  
  125  9:19  Roach x4, Hydralisk  
  125  9:22  Zergling x10  
  140  9:31  Zerg Flyer Armor Level 1  
  140  9:45  Muscular Augments  
  140  9:52  Baneling x2  
  140  9:53  Baneling x6  
  130  10:21  Mutalisk  
  130  10:22  Mutalisk x4  
  140  10:37  Overlord x4  
  140  10:57  Roach x4  
  140  10:58  Roach, Hydralisk x10  
  170  11:07  Infestation Pit  
  169  11:26  Zerg Flyer Weapons Level 1  
  155  11:56  Ravager  
  155  11:57  Ravager x4  
  155  11:59  Infestor x2  
  164  12:01  Infestor  
  164  12:02  Zergling x10  
  171  12:11  Overlord x3  
  171  12:12  Overlord x2  
  171  12:18  Hatchery  
  170  12:27  Evolution Chamber  
  161  13:06  Mutalisk, Roach x4  
  161  13:07  Roach x2, Hydralisk x3  
  161  13:08  Hydralisk x7  
  161  13:09  Hydralisk x2  
  143  13:52  Roach x5, Hydralisk x3  
  143  13:53  Roach, Hydralisk x3  
  102  14:31  Roach x12  
Tags
 
Composition
Muta Ling Bane
League
Gold
Matchup
TvZ
Spawn Locations
Cross Positions
Add a new tag
Caveats
  • Supply blocks, unpowered buildings, or Contaminate may cause inaccurate times.
  • Supply counts are checked every 10 seconds.